 Dungeon Sprint DCSS version 0.31-a0-339-gda1cbd555d (webtiles) character file.

Game seed: 3522986780546095711

9100000 Monkooky the Axe Maniac (level 27, -4/273 HPs)
             Began as a Ghoul Warper on July 20, 2023.
             Was the Champion of Makhleb.
             Killed by divine providence
             ... invoked by an accursed
              (13 damage)
             ... in the Dungeon (Sprint VIII: "Arena of Blood").
             The game lasted 00:04:24 (91 turns).

Monkooky the Axe Maniac (Ghoul Warper)                Turns: 91, Time: 00:04:24

Health: -4/273     AC:  6    Str: 19    XL:     27
Magic:  20/53      EV: 26    Int: 12    God:    Makhleb [******]
Gold:   0          SH:  0    Dex: 14    Spells: 73/80 levels left

rFire   . . .        i - +∞ Axe of Woe
rCold   + . .        (shield currently unavailable)
rNeg    + + +        b - +0 leather armour
rPois   ∞            (no helmet)
rElec   .            (no cloak)
rCorr   .            (no gloves)
SInv    .            (no boots)
Will    ++...        (no amulet)
Stlth   +++++++++    (no ring)
HPRegen 0.00/turn    (no ring)
MPRegen 0.33/turn

%: no teleportation
@: inhibited regen
A: claws 1, cold resistance 1, negative energy resistance 3, inhibited
regeneration, torment resistance 2, devour on kill
a: Renounce Religion, Minor Destruction, Lesser Servant of Makhleb, Major
Destruction, Greater Servant of Makhleb


You were in the Dungeon.
You worshipped Makhleb.
Makhleb was exalted by your worship.
You visited 1 branch

Inventory:

Hand Weapons
 a - a +0 hand axe
 i - the +∞ Axe of Woe (weapon)
   (You found it in the Dungeon)
Missiles
 d - 7 boomerangs of dispersal
Armour
 b - a +0 leather armour (worn)
Scrolls
 c - a scroll of blinking
Potions
 e - a potion of curing
 f - a potion of heal wounds
 h - 2 potions of magic


   Skills:
 O Level 27 Fighting
 O Level 27 Short Blades
 O Level 27 Long Blades
 O Level 27 Axes
 O Level 27 Maces & Flails
 O Level 27 Polearms
 O Level 27 Staves
 O Level 27 Ranged Weapons
 O Level 27 Throwing
 O Level 27 Armour
 O Level 27 Dodging
 O Level 27 Stealth
 O Level 27 Shields
 O Level 27 Unarmed Combat
 O Level 27 Spellcasting
 O Level 27 Conjurations
 O Level 27 Hexes
 O Level 27 Summonings
 + Level 18.4 Necromancy
 O Level 27 Translocations
 + Level 17.0 Transmutations
 + Level 15.2 Fire Magic
 + Level 19.3 Ice Magic
 O Level 27 Air Magic
 + Level 19.3 Earth Magic
 + Level 17.8 Poison Magic
 O Level 27 Invocations
 + Level 16.4 Evocations


You had 73 spell levels left.
You knew the following spells:

 Your Spells              Type           Power      Damage    Failure   Level
a - Manifold Assault      Tloc           69%        N/A       0%          4
b - Vhi's Electric Charg  Tloc/Air       100%       N/A       0%          3

Your spell library contained the following spells:

 Spells                   Type           Power      Damage    Failure   Level
 Blink                    Tloc           100%       N/A       0%          2
 Lesser Beckoning         Tloc           100%       N/A       0%          2
 Teleport Other           Tloc           69%        N/A       0%          3


Dungeon Overview and Level Annotations

Branches:
Dungeon (1/1)

Altars:
Makhleb


Innate Abilities, Weirdness & Mutations

You are immune to poison.
You have sharp fingernails.
Your flesh is cold resistant. (rC+)
You are immune to negative energy. (rN+++)
You do not regenerate when monsters are visible.
You are immune to unholy pain and torment.
You thrive by killing the living.


Message History

Makhleb accepts your kill.
You hear a shout! x8
Your Necromancy skill gained 2 levels and is now at level 17!
Your Transmutations skill increases to level 15!
Your Fire Magic skill increases to level 14!
Your Ice Magic skill gained 2 levels and is now at level 18!
Your Earth Magic skill gained 2 levels and is now at level 18!
Your Poison Magic skill increases to level 16!
Your Evocations skill increases to level 15!
You slice the bag of meat!!
You fatally mangle the bag of meat.
You kill the bag of meat!
Makhleb accepts your kill.
You hit the bag of meat. You chop the bag of meat into pieces.
You kill the bag of meat!
Makhleb accepts your kill.
You slash the bag of meat!
You fatally mangle the bag of meat.
You kill the bag of meat!
Makhleb accepts your kill.
The accursed appears out of thin air!
An accursed comes into view.
You hear a shout! x9
Your Necromancy skill increases to level 18!
Your Transmutations skill gained 2 levels and is now at level 17!
Your Fire Magic skill increases to level 15!
Your Ice Magic skill increases to level 19!
Your Earth Magic skill increases to level 19!
Your Poison Magic skill increases to level 17!
Your Evocations skill increases to level 16!
You hear a shout! x8
The accursed points at you and mumbles some strange words.
Something smites you!
Unknown command.
You hear a shout! x6
The sculptor of flesh hits you with a +9 great sword!!!!!
Ouch! That really hurt!
* * * LOW HITPOINT WARNING * * *
You hear a shout! x2
The accursed points at you and mumbles some strange words.
Something smites you!
You die...

#.....##..XX#)).)..
#....#........#)...
#....#.............
#........))).....##
#........).).......
#........))........
#.....○)).#.o......
#..z)☼)))#.#.#o....
#M@..)))).#.#.O..M.
#..###)))#.# #V O..
#... ##...#.# §O .
#.... #....... .o
#......§##.....
####..... #....
###.. ..## #### ..


You could see an accursed and a sculptor of flesh.

Vanquished Creatures
  3 hell beasts (D)
  A royal mummy (D)
  12 vampire knights (D)
  20 ogres (D)
  4 two-headed ogres (D)
  2 liches (D)
  A hydra (D)
  2 phantoms (D)
  73 orcs (D)
  5 skeletal warriors (D)
123 creatures vanquished.

Notes
Turn   | Place    | Note
-------+----------+-------------------------------------------
     0 | D        | Found the +∞ Axe of Woe
     0 | D        | Monkooky the Ghoul Warper began the quest for the Orb.
     0 | D        | Reached XP level 1. HP: 17/17 MP: 2/2
     1 | D        | Noticed a bag of meat
     2 | D        | Noticed a bag of meat
     2 | D        | Noticed a bag of meat
     3 | D        | Became a worshipper of Makhleb the Destroyer
     3 | D        | Noticed a bag of meat
     3 | D        | Noticed a bag of meat
     3 | D        | Noticed a bag of meat
     4 | D        | Noticed a bag of meat
     5 | D        | Noticed a bag of meat
     5 | D        | Noticed a bag of meat
     5 | D        | Noticed a bag of meat
     5 | D        | Noticed a bag of meat
     6 | D        | Killed a bag of meat
     7 | D        | Reached XP level 2. HP: 24/24 MP: 3/3
     7 | D        | Reached XP level 3. HP: 29/29 MP: 4/4
     7 | D        | Reached XP level 4. HP: 36/36 MP: 5/5
     7 | D        | Reached XP level 5. HP: 41/41 MP: 6/6
     7 | D        | Reached XP level 6. HP: 48/48 MP: 7/7
     7 | D        | Reached XP level 7. HP: 55/55 MP: 8/8
     7 | D        | Reached XP level 8. HP: 61/61 MP: 9/9
     7 | D        | Reached XP level 9. HP: 67/67 MP: 10/10
     7 | D        | Reached XP level 10. HP: 73/73 MP: 11/11
     7 | D        | Reached XP level 11. HP: 79/79 MP: 12/12
     7 | D        | Noticed a bag of meat
     7 | D        | Noticed a bag of meat
     7 | D        | Noticed a bag of meat
     8 | D        | Killed a bag of meat
     8 | D        | Reached * piety under Makhleb
     8 | D        | Noticed a meat berserker
     9 | D        | Reached XP level 12. HP: 85/85 MP: 13/13
     9 | D        | Noticed a bag of meat
     9 | D        | Killed a bag of meat
    10 | D        | Reached skill level 27 in Axes
    10 | D        | Reached skill level 5 in Fighting
    11 | D        | Killed a bag of meat
    11 | D        | Killed a bag of meat
    11 | D        | Reached ** piety under Makhleb
    11 | D        | Killed a bag of meat
    11 | D        | Killed a bag of meat
    12 | D        | Reached XP level 13. HP: 122/122 MP: 13/24
    12 | D        | Reached XP level 14. HP: 129/129 MP: 13/25
    12 | D        | Noticed a bag of meat
    13 | D        | Killed a bag of meat
    13 | D        | Reached *** piety under Makhleb
    13 | D        | Killed a bag of meat
    14 | D        | Reached skill level 15 in Fighting
    14 | D        | Reached XP level 15. HP: 141/141 MP: 13/28
    15 | D        | Killed a meat berserker
    15 | D        | Reached **** piety under Makhleb
    17 | D        | Reached skill level 27 in Stealth
    17 | D        | Reached XP level 16. HP: 165/165 MP: 13/31
    17 | D        | Reached ***** piety under Makhleb
    18 | D        | Reached skill level 27 in Invocations
    19 | D        | Noticed a destroyer
    20 | D        | Noticed a large bag of meat
    26 | D        | Learned a level 4 spell: Manifold Assault
    30 | D        | Learned a level 3 spell: Vhi's Electric Charge
    31 | D        | Noticed a meat berserker
    33 | D        | Noticed a destroyer
    34 | D        | Reached skill level 27 in Fighting
    34 | D        | Reached XP level 17. HP: 191/191 MP: 16/33
    34 | D        | Noticed a meat berserker
    35 | D        | Noticed a large bag of meat
    36 | D        | Noticed a destroyer
    37 | D        | Noticed a sculptor of flesh
    38 | D        | Noticed a large bag of meat
    38 | D        | Killed a destroyer
    39 | D        | Noticed a sculptor of flesh
    39 | D        | Noticed a meat berserker
    40 | D        | Noticed a meat berserker
    40 | D        | Noticed a destroyer
    40 | D        | Noticed a sculptor of flesh
    41 | D        | Noticed a sculptor of flesh
    41 | D        | Killed a sculptor of flesh
    41 | D        | Noticed a meat berserker
    42 | D        | Noticed a destroyer
    42 | D        | Noticed a meat berserker
    42 | D        | Noticed a destroyer
    44 | D        | Killed a sculptor of flesh
    44 | D        | Killed a meat berserker
    44 | D        | Reached ****** piety under Makhleb
    44 | D        | Killed a sculptor of flesh
    44 | D        | Noticed a sculptor of flesh
    45 | D        | Reached XP level 18. HP: 200/200 MP: 17/39
    45 | D        | Noticed a sculptor of flesh
    45 | D        | Noticed a meat berserker
    46 | D        | Killed a destroyer
    46 | D        | Noticed a destroyer
    47 | D        | Killed a meat berserker
    47 | D        | Killed a meat berserker
    48 | D        | Reached skill level 27 in Translocations
    48 | D        | Reached XP level 19. HP: 207/207 MP: 18/45
    48 | D        | Noticed a destroyer
    48 | D        | Noticed a large bag of meat
    48 | D        | Noticed a destroyer
    48 | D        | Noticed a meat berserker
    49 | D        | Noticed a destroyer
    49 | D        | Noticed an accursed
    49 | D        | Noticed a meat berserker
    49 | D        | Noticed a meat berserker
    49 | D        | Noticed a meat berserker
    49 | D        | Noticed a destroyer
    49 | D        | Noticed a destroyer
    49 | D        | Killed a meat berserker
    49 | D        | Killed a destroyer
    49 | D        | Noticed a destroyer
    49 | D        | Noticed a tyrant
    49 | D        | Noticed a meat berserker
    50 | D        | Reached skill level 27 in Spellcasting
    50 | D        | Reached XP level 20. HP: 216/216 MP: 15/50
    50 | D        | Killed a destroyer
    51 | D        | Reached skill level 10 in Armour
    51 | D        | Killed a destroyer
    51 | D        | Noticed a meat berserker
    51 | D        | Noticed a meat berserker
    52 | D        | Reached skill level 27 in Dodging
    52 | D        | Killed a destroyer
    53 | D        | Reached XP level 21. HP: 224/224 MP: 15/51
    53 | D        | Noticed a meat berserker
    53 | D        | Killed a destroyer
    54 | D        | Reached skill level 27 in Armour
    54 | D        | Reached skill level 10 in Air Magic
    54 | D        | Noticed a meat berserker
    54 | D        | Noticed a large bag of meat
    54 | D        | Noticed a meat berserker
    54 | D        | Noticed a meat berserker
    54 | D        | Noticed a large bag of meat
    54 | D        | Noticed a meat berserker
    54 | D        | Killed a destroyer
    54 | D        | Noticed a meat berserker
    55 | D        | Reached XP level 22. HP: 233/233 MP: 13/52
    57 | D        | Killed a destroyer
    57 | D        | Killed a large bag of meat
    58 | D        | Reached skill level 27 in Air Magic
    58 | D        | Noticed an accursed
    58 | D        | Killed a large bag of meat
    59 | D        | Reached skill level 27 in Throwing
    59 | D        | Reached XP level 23. HP: 199/240 MP: 13/53
    59 | D        | Noticed a tyrant
    60 | D        | Killed a destroyer
    61 | D        | Reached XP level 24. HP: 239/249 MP: 14/53
    61 | D        | Killed a large bag of meat
    62 | D        | Reached skill level 27 in Maces & Flails
    62 | D        | Reached skill level 27 in Polearms
    62 | D        | Reached skill level 27 in Unarmed Combat
    63 | D        | Reached skill level 10 in Short Blades
    63 | D        | Reached skill level 10 in Staves
    63 | D        | Reached skill level 10 in Shields
    63 | D        | Reached XP level 25. HP: 216/257 MP: 14/53
    66 | D        | Killed a destroyer
    67 | D        | Noticed a meat beast
    68 | D        | Reached XP level 26. HP: 202/266 MP: 15/53
    68 | D        | Killed a large bag of meat
    68 | D        | Noticed a meat beast
    69 | D        | Killed a meat beast
    70 | D        | Reached skill level 27 in Short Blades
    70 | D        | Reached skill level 27 in Staves
    70 | D        | Reached skill level 27 in Shields
    71 | D        | Killed a tyrant
    72 | D        | Killed an accursed
    73 | D        | Reached skill level 5 in Long Blades
    73 | D        | Reached skill level 5 in Ranged Weapons
    73 | D        | Reached skill level 5 in Summonings
    73 | D        | Reached XP level 27. HP: 273/273 MP: 16/53
    73 | D        | Killed a meat beast
    74 | D        | Reached skill level 15 in Long Blades
    74 | D        | Reached skill level 15 in Ranged Weapons
    74 | D        | Reached skill level 27 in Hexes
    74 | D        | Reached skill level 15 in Summonings
    78 | D        | Killed a tyrant
    78 | D        | Noticed a meat beast
    80 | D        | Killed a destroyer
    81 | D        | Killed a meat beast
    82 | D        | Reached skill level 27 in Long Blades
    82 | D        | Reached skill level 27 in Ranged Weapons
    82 | D        | Reached skill level 27 in Conjurations
    82 | D        | Reached skill level 27 in Summonings
    82 | D        | Reached skill level 5 in Necromancy
    82 | D        | Reached skill level 5 in Transmutations
    82 | D        | Reached skill level 5 in Ice Magic
    82 | D        | Reached skill level 5 in Earth Magic
    82 | D        | Reached skill level 5 in Poison Magic
    85 | D        | Reached skill level 10 in Necromancy
    85 | D        | Reached skill level 10 in Ice Magic
    85 | D        | Reached skill level 10 in Earth Magic
    87 | D        | Reached skill level 15 in Ice Magic
    87 | D        | Reached skill level 15 in Earth Magic
    88 | D        | Reached skill level 15 in Necromancy
    88 | D        | Reached skill level 15 in Poison Magic
    89 | D        | Reached skill level 15 in Transmutations
    89 | D        | Reached skill level 15 in Evocations
    90 | D        | Reached skill level 15 in Fire Magic
    90 | D        | Noticed an accursed
    91 | D        | HP: 9/273 [sculptor of flesh/+9 great sword (256)]
    91 | D        | Killed from afar by an accursed

Illustrated notes

Levels and vault maps discovered:
D:        meatsprint

Skill      XL: |  1  2  3  4  5  6  7  8  9 10 11 12 13 14 15 16 17 18 19 20 21 22 23 24 25 26 27 |
---------------+----------------------------------------------------------------------------------+-----
Axes           | 23 26 27 | 27.0
Fighting       | 13 15 20 27 | 27.0
Stealth        | 19 21 27 | 27.0
Invocations    | 17 20 25 27 | 27.0
Spellcasting   | 4 18 23 27 | 27.0
Translocations | 6 21 27 | 27.0
Armour         | 8 23 27 | 27.0
Dodging        | 18 27 | 27.0
Air Magic      | 22 27 | 27.0
Throwing       | 27 | 27.0
Maces & Flails | 21 27 | 27.0
Polearms       | 21 27 | 27.0
Unarmed Combat | 24 27 | 27.0
Short Blades   | 10 22 27 | 27.0
Staves         | 10 22 27 | 27.0
Shields        | 10 22 27 | 27.0
Long Blades    | 5 27 | 27.0
Ranged Weapons | 5 27 | 27.0
Conjurations   | 4 27 | 27.0
Hexes          | 24 27 | 27.0
Summonings     | 5 27 | 27.0
Necromancy     | 18 | 18.4
Transmutations | 17 | 17.0
Fire Magic     | 15 | 15.2
Ice Magic      | 19 | 19.3
Earth Magic    | 19 | 19.3
Poison Magic   | 17 | 17.8
Evocations     | 16 | 16.4

Action                     |  1- 3 |  4- 6 |  7- 9 | 10-12 | 13-15 | 16-18 | 19-21 | 22-24 | 25-27 || total
---------------------------+-------+-------+-------+-------+-------+-------+-------+-------+-------++-------
  Melee: Executioner's axe |     1 |       |       |     3 |     4 |    10 |     6 |     7 |    23 ||    54
   Cast: Vhi's Electric Ch |       |       |       |       |       |       |     2 |       |       ||     2
    Use: Potion            |       |       |       |       |     1 |       |       |       |       ||     1
         Scroll            |       |       |       |       |       |     1 |       |       |       ||     1
  Dodge: Dodged            |       |       |       |     1 |       |       |       |       |       ||     1

Table legend: (Time is in decaauts)
 A = Elapsed time spent in this place.
 B = Non-inter-level travel time spent in this place.
 C = Inter-level travel time spent in this place.
 D = Time resting spent in this place.
 E = Time spent auto-exploring this place.
 F = Levels seen in this place.
 G = Mean time per level.
                   A        B        C        D        E       F      G
               +--------+--------+--------+--------+--------+-----+--------+
         Total |     57 |     57 |      0 |      0 |      0 |   1 |   57.0 |
       Dungeon |     57 |     57 |      0 |      0 |      0 |   1 |   57.0 |
               +--------+--------+--------+--------+--------+-----+--------+

Top non-repeatable levels by time:
       D: 57 daAuts
